 Dungeon Crawl Stone Soup version 0.31-a0-1338-gb567cfdca4 (webtiles) character file.

Game seed: 8911322960120091101

1489 Curundu the Ruffian (level 8, 0/78 HPs)
             Began as a Troll Berserker on Dec 23, 2023.
             Was an Elder of Trog.
             Slain by a kobold
             ... wielding a +0 short sword
              (2 damage)
             ... on level 6 of the Dungeon.
             The game lasted 00:14:38 (3967 turns).

Curundu the Ruffian (Troll Berserker)               Turns: 3967, Time: 00:14:39

Health: 0/78       AC:  8    Str: 34    XL:     8   Next: 51%
Magic:  7/7        EV: 10    Int:  3    God:    Trog [****..]
Gold:   295        SH:  0    Dex:  9    Spells: 7/7 levels left

rFire   . . .        g - +5 dire flail
rCold   . . .        (shield currently unavailable)
rNeg    . . .        a - +0 animal skin
rPois   .            (helmet restricted)
rElec   .            (no cloak)
rCorr   .            (gloves unavailable)
SInv    .            (boots unavailable)
Will    .....        (no amulet)
Stlth   +            l - +4 ring of protection
HPRegen 1.13/turn    r - +6 ring of strength
MPRegen 0.10/turn

%: no passive effects
@: lethally poisoned (0 -> -1)
A: large, unfitting armour, claws 3, regeneration 1, shaggy fur 1, tough skin 1
a: Renounce Religion, Berserk, Trog's Hand, Brothers in Arms


You were on level 6 of the Dungeon.
You worshipped Trog.
Trog was greatly pleased with you.
You visited 1 branch of the dungeon, and saw 6 of its levels.

You collected 361 gold pieces.
You spent 66 gold pieces at shops.

Inventory:

Hand Weapons
 g - a +5 dire flail (weapon)
Missiles
 d - 6 curare-tipped darts
Armour
 a - a +0 animal skin (worn)
Jewellery
 l - a +4 ring of protection (left claw)
 m - a ring of see invisible
 r - a +6 ring of strength (right claw)
Scrolls
 b - a scroll of summoning
 c - 4 scrolls of teleportation
 e - 2 scrolls of fog {unknown}
 h - 2 scrolls of identify
 i - a scroll of silence
 k - a scroll of revelation
 n - a scroll of acquirement {unknown}
 o - a scroll of vulnerability {unknown}
 q - a scroll of immolation {unknown}
 s - a scroll of torment {unknown}
 u - a scroll of enchant weapon {unknown}
Potions
 f - 2 potions of mutation
 j - a potion of attraction {unknown}
 p - 2 potions of brilliance
 t - a potion of haste


   Skills:
 + Level 4.3 Fighting
 + Level 5.2 Maces & Flails
 + Level 4.7 Dodging
 + Level 1.4 Stealth
 + Level 6.0 Unarmed Combat


You had 7 spell levels left.
You didn't know any spells.
Your spell library was empty.

Dungeon Overview and Level Annotations

Branches:
Dungeon (6/15)             Temple (0/1) D:4

Altars:
Gozag

Shops:
D:2 ?   D:5 *

Portals:
Ossuary: D:6


Innate Abilities, Weirdness & Mutations

You are too large for most types of armour.
You have claws for hands.
Your natural rate of healing is unusually fast.
You are covered in fur. (AC +1)
You have tough skin. (AC +1)


Message History

The black bear claws you but does no damage.
The black bear barely misses you. The adder barely misses you.
You closely miss the kobold. The adder barely misses you.
The kobold closely misses you.
The kobold hits you with a +0 short sword.
* * * LOW HITPOINT WARNING * * *
The black bear barely misses you. x2
The black bear claws you but does no damage.
You bludgeon the black bear!!
You kill the black bear!
Trog accepts your kill. The adder bites you.
* * * LOW HITPOINT WARNING * * *
The kobold closely misses you.
The kobold hits you with a +0 short sword.
* * * LOW HITPOINT WARNING * * *
Your Maces & Flails skill increases to level 5!
You closely miss the ice beast. The adder bites you but does no damage.
The kobold barely misses you. x2; The ice beast hits you.
* * * LOW HITPOINT WARNING * * *
The ice beast freezes you!
* * * LOW HITPOINT WARNING * * *
The adder bites you but does no damage.
You bludgeon the ice beast!!
The ice beast is severely wounded.
The kobold barely misses you. The adder bites you but does no damage.
The kobold hits you but does no damage.
The ice beast hits you but does no damage.
You puncture the ice beast!
You kill the ice beast!
Trog accepts your kill. The adder bites you but does no damage.
The kobold barely misses you.
The kobold hits you with a +0 short sword.
* * * LOW HITPOINT WARNING * * *
You closely miss the iguana. The adder bites you.
* * * LOW HITPOINT WARNING * * *
You are poisoned.
The adder poisons you! The kobold misses you.
The kobold hits you with a +0 short sword.
You die...

.[ .#. .#
#... .##...
....##.
##....... .
##........
...
###.........
.....###...<#
#Kl@K...#
#..S.K.....#
#.##..∩..#.#
.. #.....#...
..#
#.......### .
#..####..
...# #..
....# ..


You could see an iguana, an adder and 3 kobolds.

Vanquished Creatures
  The ghost of jasper the Trooper, an amateur TrFi of Okawaru (D:3)
  2 black bears
  2 ice beasts
  3 ogres
  A centaur (D:5)
  2 phantoms (D:5)
  A kobold brigand (D:6)
  2 scorpions
  An orc priest (D:4)
  A gnoll bouda (D:5)
  A sleepcap (D:5)
  An orc wizard (D:5)
  2 iguanas
  6 adders
  6 gnolls
  A bombardier beetle (D:4)
  A worm (D:2)
  2 dart slugs
  6 orcs
  4 bats
  7 endoplasms
  3 giant cockroaches (D:1)
  7 goblins
  9 hobgoblins
  9 jackals
  5 quokkas
  4 ball pythons (D:1)
  4 frilled lizards
  14 kobolds
  6 rats
114 creatures vanquished.

Notes
Turn   | Place    | Note
-------+----------+-------------------------------------------
     0 | D:1      | Curundu the Troll Berserker began the quest for the Orb.
     0 | D:1      | Reached XP level 1. HP: 22/22 MP: 0/0
   131 | D:1      | Reached XP level 2. HP: 23/29 MP: 1/1
   313 | D:1      | Reached ** piety under Trog
   314 | D:1      | Reached XP level 3. HP: 36/36 MP: 2/2
   692 | D:1      | Found a faded altar of an unknown god.
   964 | D:2      | Found Qiudujurch's Magic Scroll Shop.
   992 | D:2      | Bought 3 scrolls of identify for 66 gold pieces
  1609 | D:3      | Reached XP level 4. HP: 42/45 MP: 3/3
  1615 | D:3      | Reached *** piety under Trog
  1624 | D:3      | Reached skill level 4 in Unarmed Combat
  1647 | D:3      | Noticed jasper's ghost (amateur TrFi)
  1647 | D:3      | Noticed an ogre
  1648 | D:3      | Found a transporter.
  1649 | D:3      | Found a transporter.
  1660 | D:3      | Noticed an ogre
  2244 | D:3      | Killed an ogre
  2245 | D:3      | Reached XP level 5. HP: 20/53 MP: 4/4
  2249 | D:3      | Killed jasper's ghost
  2250 | D:3      | Reached skill level 5 in Unarmed Combat
  2250 | D:3      | Reached XP level 6. HP: 14/61 MP: 5/5
  2388 | D:4      | Found an opulent altar of Gozag.
  2456 | D:4      | Found a staircase to the Ecumenical Temple.
  2830 | D:4      | Reached skill level 1 in Maces & Flails
  2830 | D:4      | Reached XP level 7. HP: 63/67 MP: 6/6
  2830 | D:4      | Reached **** piety under Trog
  3122 | D:4      | Reached skill level 6 in Unarmed Combat
  3388 | D:5      | Entered Level 5 of the Dungeon
  3407 | D:5      | Reached skill level 1 in Stealth
  3546 | D:5      | Reached XP level 8. HP: 76/78 MP: 7/7
  3754 | D:5      | Found Quddanto's Mass Market.
  3936 | D:6      | Found a sand-covered staircase.
  3964 | D:6      | Reached skill level 5 in Maces & Flails
  3964 | D:6      | HP: 2/78 [ice beast (10)]
  3967 | D:6      | Slain by a kobold

Illustrated notes

Levels and vault maps discovered:
D:1:      dpeg_arrival_yet_another_circle, layout_basic,
          hellmonk_ecumenical_altar_heavens_door
D:2:      layout_basic, serial_shops, shop, serial_glass, glass_columns_b,
          glass_columns_a, glass_columns_a, glass_columns_a, glass_columns_a,
          lexackson_kobold_supper
D:3:      layout_loops_ring, gammafunk_ghost_smash
D:4:      layout_basic, nicolae_gozag_seed_capital, temple_green
D:5:      layout_cave_pools, minmay_shop_mass
D:6:      cheibrodos_helix_gallery, layout_rooms,
          nicolae_dithmenos_shadow_blocks, enter_ossuary_1, serial_park_tiny_1

Skill      XL: |  1  2  3  4  5  6  7  8 |
---------------+-------------------------+-----
Fighting       | 3 4 |  4.3
Dodging        | 3 4 |  4.7
Unarmed Combat | 4 5 6 |  6.0
Maces & Flails | 1 4 5 |  5.2
Stealth        | 1 |  1.4

Action                     |  1- 3 |  4- 6 |  7- 9 || total
---------------------------+-------+-------+-------++-------
  Melee: Unarmed           |   113 |    45 |       ||   158
         Punch             |     4 |     1 |       ||     5
         Dire flail        |       |    55 |   104 ||   159
    Use: Scroll            |     4 |     4 |       ||     8
         Potion            |       |     2 |       ||     2
   Stab: Sleeping          |       |       |     1 ||     1
 Armour: Animal skin       |    80 |    67 |   155 ||   302
  Dodge: Dodged            |    64 |    45 |   104 ||   213

Table legend: (Time is in decaauts)
 A = Elapsed time spent in this place.
 B = Non-inter-level travel time spent in this place.
 C = Inter-level travel time spent in this place.
 D = Time resting spent in this place.
 E = Time spent auto-exploring this place.
 F = Levels seen in this place.
 G = Mean time per level.
                   A        B        C        D        E       F      G
               +--------+--------+--------+--------+--------+-----+--------+
         Total |   3962 |   3962 |      0 |      0 |   2859 |   6 |  660.3 |
       Dungeon |   3962 |   3962 |      0 |      0 |   2859 |   6 |  660.3 |
               +--------+--------+--------+--------+--------+-----+--------+

Top non-repeatable levels by time:
     D:4: 1054 daAuts
     D:1: 868 daAuts
     D:3: 732 daAuts
     D:2: 720 daAuts
     D:5: 554 daAuts
     D:6: 32 daAuts
